 Dungeon Crawl Stone Soup version 0.27-a0-1391-g48c30b3128 (webtiles) character file.

Game seed: 6950637436121437363

32 Nattfarinn the Skirmisher (level 3, 0/33 HPs)
             Began as a Hill Orc Monk on July 1, 2021.
             Slain by an orc wizard (3 damage)
             ... on level 2 of the Dungeon.
             The game lasted 00:01:33 (1277 turns).

Nattfarinn the Skirmisher (Hill Orc Monk)           Turns: 1277, Time: 00:01:33

Health: 0/33       AC:  4    Str: 13    XL:     3   Next: 27%
Magic:  3/3        EV: 12    Int: 10    God:
Gold:   65         SH:  0    Dex: 14    Spells: 2/2 levels left

rFire    . . .     SeeInvis .   a - +0 short sword
rCold    . . .     Faith    .   (no shield)
rNeg     . . .     Spirit   .   b - +0 robe
rPois    .         Reflect  .   (no helmet)
rElec    .         Harm     .   c - +1 cloak
rCorr    .         Rampage  .   (no gloves)
Will     .....                  (no boots)
Stlth    ++........             (no amulet)
HPRegen  0.11/turn              (no ring)
MPRegen  0.08/turn              (no ring)

@: unable to read, attractive
A: deterioration 1, inability to read while threatened
a: Convert to Beogh


You were on level 2 of the Dungeon.
You visited 1 branch of the dungeon, and saw 2 of its levels.

You collected 65 gold pieces.

Inventory:

Hand Weapons
 a - a +0 short sword (weapon)
Armour
 b - a +0 robe (worn)
 c - a +1 cloak (worn)
Jewellery
 h - a ring of fire
Scrolls
 d - 2 scrolls of identify {unknown}
 e - a scroll of holy word {unknown}


   Skills:
 + Level 4.2 Fighting
 * Level 3.9 Short Blades
 - Level 2.4 Dodging
 - Level 1.5 Stealth


You had 2 spell levels left.
You didn't know any spells.
Your spell library was empty.

Dungeon Overview and Level Annotations

Branches:
Dungeon (2/15)

Altars:


Innate Abilities, Weirdness & Mutations

Your body sometimes deteriorates upon taking damage.
You sometimes lose the ability to read scrolls when taking damage.


Message History

The orc is almost dead.
The orc misses you.
You hit the orc.
You kill the orc!
You miss something.
The orc priest miscasts a cantrip.
Something hits you.
You closely miss something. You closely miss something. Something hits you.
You hit something.
You hear some strange, mumbled words.
A magic dart appears from out of thin air!
The magic dart hits you!
You barely miss something. You barely miss the orc. Something hits you.
The orc hits you with a +0 short sword.
* * * LOW HITPOINT WARNING * * *
You hit the orc.
The orc is lightly wounded.
Something hits you but does no damage. The orc hits you with a +0 short sword.
* * * LOW HITPOINT WARNING * * *
It was a potion of curing.
You feel better. Something hits you but does no damage.
The orc hits you with a +0 short sword.
It was a potion of attraction.
You feel attractive to monsters. Something hits you.
* * * LOW HITPOINT WARNING * * *
The orc barely misses you.
It was a potion of mutation.
You feel extremely strange.
You feel yourself wasting away.
You lose the ability to read scrolls when threatened.
Something barely misses you. The orc barely misses you.
You barely miss something. Something hits you.
You feel threatened and lose the ability to read scrolls!
* * * LOW HITPOINT WARNING * * *
The orc priest miscasts a cantrip.
The orc hits you with a +0 short sword.
* * * LOW HITPOINT WARNING * * *
You hit something. Something hits you.
You die...

#.######♣.# #.######♣.#
.......#♣.#
.......#♣.#######
#.###..#♣........ #...
.#♣.♣♣♣♣♣♣♣ #.###
##'#######
#.###.###.#.....#####.##.
#... #.......###@{.......
#.###.###.#.## ##o###....
......###.#.# #o# #
#.........#.# ##.#
#..#..#####..###.##
#...........#...##
##.#...........o.#
#.#>#########.#.# ##.#.#
#o .#


You could see an orc priest and an orc.

Vanquished Creatures
  A dart slug (D:1)
  An orc (D:2)
  2 ball pythons (D:1)
  2 bats (D:1)
  An endoplasm (D:1)
  4 goblins (D:1)
  A hobgoblin (D:1)
  7 jackals
  A frilled lizard (D:1)
  A kobold (D:1)
  5 rats
26 creatures vanquished.

Notes
Turn   | Place    | Note
-------+----------+-------------------------------------------
     0 | D:1      | Nattfarinn the Hill Orc Monk began the quest for the Orb.
     0 | D:1      | Reached XP level 1. HP: 19/19 MP: 1/1
   144 | D:1      | Reached XP level 2. HP: 16/27 MP: 2/2
   462 | D:1      | Reached skill level 4 in Fighting
   903 | D:1      | Reached XP level 3. HP: 33/33 MP: 3/3
  1275 | D:2      | Gained mutation: Your body sometimes deteriorates upon
                  | taking damage. [potion of mutation]
  1275 | D:2      | Gained mutation: You sometimes lose the ability to read
                  | scrolls when taking damage. [potion of mutation]
  1277 | D:2      | Slain by an orc wizard

Illustrated notes

Levels and vault maps discovered:
D:1:      matt_arrival_grand_opening, layout_basic, hangedman_decor_growths
D:2:      layout_loops_ring, kennysheep_small_spiral, hangedman_feature_mirror

Skill      XL: |  1  2 |
---------------+-------+-----
Fighting       | 4 |  4.2
Short Blades   | |  3.9
Dodging        | |  2.4
Stealth        | |  1.5

Action                   || total
-------------------------++-------
Melee: Short sword       ||    91
  Use: Potion            ||     3
 Stab: Sleeping          ||     3
Armor: Robe              ||    20
Dodge: Dodged            ||    55

Table legend: (Time is in decaauts)
 A = Elapsed time spent in this place.
 B = Non-inter-level travel time spent in this place.
 C = Inter-level travel time spent in this place.
 D = Time resting spent in this place.
 E = Time spent auto-exploring this place.
 F = Levels seen in this place.
 G = Mean time per level.
                   A        B        C        D        E       F      G
               +--------+--------+--------+--------+--------+-----+--------+
         Total |   1269 |   1263 |      6 |    201 |    890 |   2 |  634.5 |
       Dungeon |   1269 |   1263 |      6 |    201 |    890 |   2 |  634.5 |
               +--------+--------+--------+--------+--------+-----+--------+

Top non-repeatable levels by time:
     D:1: 1088 daAuts
     D:2: 181 daAuts
